 Dungeon Crawl Stone Soup version 0.25.1-2-g60ff931df9 (webtiles) character file.

Game seed: 6357291136030119049

42 Martska the Grasshopper (level 3, 0/33 HPs)
             Began as a Naga Warper on Sept 24, 2020.
             Succumbed to an adder's poison
             ... on level 2 of the Dungeon.
             The game lasted 00:03:44 (1821 turns).

Martska the Grasshopper (Naga Warper)               Turns: 1821, Time: 00:03:45

Health: 0/33       AC:  2    Str: 13    XL:     3   Next: 54%
Magic:  6/6        EV:  9    Int: 14    God:
Gold:   34         SH:  0    Dex: 10    Spells: 6/6 levels left

rFire    . . .     SeeInvis +   a - +0 spear
rCold    . . .     Gourm    .   (no shield)
rNeg     . . .     Faith    .   b - +0 leather armour
rPois    +         Spirit   .   (no helmet)
rElec    .         Reflect  .   (no cloak)
rCorr    .         Harm     .   (no gloves)
MR       .....                  (no barding)
Stlth    +.........             (no amulet)
HPRegen  0.11/turn              (no ring)
MPRegen  0.10/turn              (no ring)

@: lethally poisoned (0 -> -2), hasted, quick
A: large, see invisible, deformed body, poison resistance, slowness 2, slow
metabolism 1, spit poison 1, AC +1
a: Spit Poison


You were on level 2 of the Dungeon.
You were hungry.

You visited 1 branch of the dungeon, and saw 2 of its levels.

You collected 34 gold pieces.

Inventory:

Hand Weapons
 a - a +0 spear (weapon)
Missiles
 e - 5 boomerangs of dispersal (quivered)
Armour
 b - a +0 leather armour (worn)
Scrolls
 c - a scroll of enchant weapon {unknown}
 d - a scroll of blinking
 g - 2 scrolls of identify {unknown}
 i - a scroll of remove curse {unknown}
 j - a scroll of teleportation {unknown}
 k - a scroll of enchant armour {unknown}
Comestibles
 f - a ration


   Skills:
 * Level 2.6 Fighting
 * Level 2.6 Polearms
 - Level 0.8 Throwing
 + Level 1.1 Armour
 + Level 1.8 Dodging
 + Level 2.2 Spellcasting
   Level 3.0 Translocations


You had 6 spell levels left.
You didn't know any spells.
Your spell library contained the following spells:

 Spells                   Type           Power        Failure   Level  Hunger
 Blink                    Tloc           N/A          13%         2    ###....
 Shroud of Golubria       Chrm/Tloc      #.....       24%         2    ###....
 Gell's Gravitas          Tloc           #.........   26%         3    ###....
 Lesser Beckoning         Tloc           #.........   26%         3    ###....
 Teleport Other           Tloc           #.......     26%         3    ###....
 Passage of Golubria      Tloc           N/A          65%         4    #####..


Dungeon Overview and Level Annotations

Branches:
Dungeon (2/15)

Altars:


Innate Abilities, Weirdness & Mutations

You cannot wear boots.
Your serpentine skin is tough. (AC +1)
You have supernaturally acute eyesight. (SInv)
Armour fits poorly on your strangely shaped body.
Your system is resistant to poisons. (rPois)
You cover ground very slowly.
You have a slow metabolism.
You can spit poison.


Message History

The adder bites you.
You are poisoned.
The adder poisons you! The worm bites you!
You closely miss the adder.
You feel sick. The adder barely misses you.
The adder bites you but does no damage.
You barely miss the adder. The worm barely misses you.
The adder bites you but does no damage.
You closely miss the adder. The adder bites you.
You miss the adder.
You feel sick. The adder closely misses you. The worm bites you.
* * * LOW HITPOINT WARNING * * *
You barely miss the adder. The adder closely misses you.
The worm barely misses you. The adder bites you but does no damage.
You miss the adder. The adder bites you.
* * * LOW HITPOINT WARNING * * *
You closely miss the adder. The adder misses you. The worm bites you.
* * * LOW HITPOINT WARNING * * *
It was a potion of haste.
You feel yourself speed up. The adder misses you.
You barely miss the adder.
You die...

!# .# ..#..#
#.#..# #.#..#
.?...#
##########....#
.......<......#
#######.#.S...#
...#.@w..#
#####†....#
......>....
#####.###### .#
##


You could see a worm and an adder.

Vanquished Creatures
  An ooze (D:1)
  A dart slug (D:2)
  5 bats (D:1)
  A giant cockroach (D:1)
  5 goblins
  4 hobgoblins (D:1)
  3 jackals (D:1)
  6 kobolds (D:1)
  3 frilled lizards (D:1)
  3 rats (D:1)
32 creatures vanquished.

Notes
Turn   | Place    | Note
-------+----------+-------------------------------------------
     0 | D:1      | Martska the Naga Warper began the quest for the Orb.
     0 | D:1      | Reached XP level 1. HP: 19/19 MP: 3/3
   259 | D:1      | Reached skill level 1 in Armour
   259 | D:1      | Reached XP level 2. HP: 20/26 MP: 5/5
   758 | D:1      | Reached XP level 3. HP: 28/33 MP: 6/6
  1819 | D:2      | HP: 1/33 [worm (4)]
  1821 | D:2      | Succumbed to an adder's poison

Illustrated notes

Levels and vault maps discovered:
D:1:      dpeg_arrival_brainrot, layout_rooms
D:2:      minmay_wonky_spiral, layout_basic,
          nicolae_dithmenos_through_a_glass_darkly, uniq_jessica, uniq_natasha

Skill      XL: |  1 |
---------------+----+-----
Armour         | 1 |  1.1
Fighting       | |  2.6
Polearms       | |  2.6
Throwing       | |  0.8
Dodging        | |  1.8
Spellcasting   | |  2.2
Translocations | |  3.0

Action                   || total
-------------------------++-------
Melee: Spear             ||   124
 Abil: Spit Poison       ||     7
  Use: Potion            ||     1
  Eat: Chunk             ||     1
Armor: Leather armour    ||    29
Dodge: Dodged            ||    61
